 Dungeon Crawl Stone Soup version 0.26-a0-651-gb41185065b (webtiles) character file.

Game seed: 1855201823770639792

5858 Mesmaeker13 the Quickloader (level 10, -11/95 (96) HPs)
             Began as a Deep Dwarf Hunter on Oct 8, 2020.
             Was a Believer of Elyvilon.
             Killed from afar by Nergalle (39 damage)
             ... with a bolt of negative energy
             ... on level 10 of the Dungeon.
             The game lasted 00:22:50 (8213 turns).

Mesmaeker13 the Quickloader (Deep Dwarf Hunter)     Turns: 8213, Time: 00:22:50

HP:   -11/95 (96)   AC: 12    Str: 19    XL:     10   Next: 52%
MP:   1/9           EV: 10    Int: 11    God:    Elyvilon [**....]
Gold: 671           SH:  0    Dex: 14    Spells: 9/9 levels left

rFire    + . .     SeeInvis .   l - +1 war axe (venom)
rCold    . . .     Faith    .   (no shield)
rNeg     . . .     Spirit   .   h - -1 chain mail
rPois    .         Reflect  .   (no helmet)
rElec    .         Harm     .   (no cloak)
rCorr    .         Rampage  .   G - +0 pair of gloves
MR       +....                  o - +1 pair of boots
Stlth    ..........             (no amulet)
HPRegen  0.00/turn              m - ring of protection from fire
MPRegen  0.11/turn              A - ring of stealth

@: lethally poisoned (-11 -> -11), non-regenerating, heavily drained
A: damage resistance, heal wounds, sense surroundings 2, no regeneration
a: Heal Wounds, Lesser Healing, Heal Other, Divine Protection, Renounce Religion


You were on level 10 of the Dungeon.
You worshipped Elyvilon.
Elyvilon was pleased with you.
You visited 2 branches of the dungeon, and saw 11 of its levels.

You collected 671 gold pieces.

Inventory:

Hand Weapons
 a - a +1 hand crossbow
 l - a +1 war axe of venom (weapon)
Missiles
 d - 51 bolts
 i - 19 boomerangs
 k - 22 poisoned darts (quivered)
 F - 4 throwing nets
Armour
 h - a -1 chain mail (worn)
 o - a +1 pair of boots (worn)
 s - +0 acid dragon scales
 G - a +0 pair of gloves (worn)
Jewellery
 m - a ring of protection from fire (left hand)
 A - a ring of stealth (right hand)
Wands
 n - a wand of digging (5)
 v - a wand of iceblast (9)
 y - a wand of paralysis (1)
Scrolls
 c - 11 scrolls of teleportation
 g - 2 scrolls of fog {unknown}
 j - 2 scrolls of enchant weapon
 p - a scroll of identify
 r - a scroll of noise
 u - 6 scrolls of amnesia
Potions
 b - 6 potions of curing
 e - 2 potions of haste
 f - 2 potions of heal wounds
 q - 5 potions of brilliance
 w - a potion of degeneration {unknown}
 z - 2 potions of flight
 B - 2 potions of lignification
 C - 2 potions of mutation
Miscellaneous
 t - a phantom mirror


   Skills:
 + Level 8.1(6.7) Fighting
 + Level 5.8(4.5) Axes
 - Level 10.0(8.5) Crossbows
 + Level 7.2(5.9) Armour
 - Level 6.3(4.9) Dodging
 - Level 1.2(0.0) Stealth
 + Level 3.2(2.0) Invocations


You had 9 spell levels left.
You didn't know any spells.
Your spell library contained the following spells:

 Spells                   Type           Power        Failure   Level
 Apportation              Tloc           #.....       98%         1
 Foxfire                  Conj/Fire      #...         98%         1
 Conjure Flame            Conj/Fire      #.......     100%        3
 Inner Flame              Hex/Fire       #.......     100%        3
 Lesser Beckoning         Tloc           #.........   100%        3
 Tukima's Dance           Hex            #.......     100%        3
 Sticky Flame             Conj/Fire      #.......     100%        4
 Alistair's Intoxication  Tmut/Pois      #........    100%        5
 Fireball                 Conj/Fire      #.........   100%        5
 Invisibility             Hex            #.......     100%        6


Dungeon Overview and Level Annotations

Branches:
Dungeon (10/15)            Temple (1/1) D:7            Lair (0/6) D:8
    Orc: D:9-12

Altars:
Ashenzari
Cheibriados
Dithmenos
Elyvilon
Fedhas
Gozag
Hepliaklqana
Kikubaaqudgha
Makhleb
Nemelex Xobeh
Okawaru
Qazlal
Ru
Sif Muna
Trog
Uskayaw
Vehumet
Wu Jian
Xom
Yredelemnul
Zin
The Shining One

Annotations:
D:5 2 transporters
D:10 Nergalle


Innate Abilities, Weirdness & Mutations

You are resistant to damage.
You can heal yourself by infusing magical energy.
You passively map the area around you.
You do not regenerate.


Message History

You hit Nergalle.
Nergalle is lightly wounded.
Your chain mail prevents you from hitting the spectral orc.
Nergalle points at you and mumbles some strange words.
Orcish apparitions take form around you.
The spectral orc hits you but does no damage.
The spectral orc warrior hits you but does no damage.
Nergalle barely misses you.
You hit Nergalle but do no damage.
Nergalle is lightly wounded.
You hit the spectral orc.
The spectral orc warlord hits you from afar with a +3 glaive of venom.
* * * LOW HITPOINT WARNING * * *
You feel drained.
You are more poisoned.
The spectral orc closely misses you.
The spectral orc warrior closely misses you.
Nergalle points at you and mumbles some strange words.
The bolt of negative energy hits you!!!
You feel drained.
You die...

######### ,
........########*
** ................
, ,
................ ,
, , ,
,................,,
, ,
,,,......Z.ZZG.....
* ...##oZ.####.##**
* , , #.@.# * * ,
#...# ,* * #...# ,
,, , +...# * * * *
* , , #...# , , < *
#...# , ***
#####..#####
............# ,,
............#


You could see Nergalle, 2 spectral orcs, a spectral orc warrior (summoned), a
spectral orc warlord (summoned) and an eye of draining.

Vanquished Creatures
  A two-headed ogre (D:8)
  A komodo dragon (D:8)
  Prince Ribbit (D:7)
  Grinder (D:3)
  A hippogriff (D:8)
  Sigmund (D:3)
  3 wyverns (D:8)
  4 yaks
  An acid dragon (D:8)
  An orc warrior (D:8)
  A sky beast (D:10)
  2 phantoms
  A necrophage (D:9)
  4 ogres
  3 centaurs
  3 big kobolds
  2 bullfrogs
  9 wights
  5 howler monkeys
  A centaur zombie (D:8)
  A bullfrog zombie (D:7)
  A jelly (D:5)
  A bullfrog skeleton (D:7)
  A centaur skeleton (D:4)
  An orc priest (D:7)
  3 hounds
  A gnoll shaman (D:4)
  6 iguanas
  7 orc wizards
  5 worker ants
  A killer bee zombie (D:3)
  2 worker ant zombies
  A howler monkey skeleton (D:7)
  9 adders
  8 gnolls
  3 shadow imps
  4 white imps
  An ufetubus (D:5)
  3 oozes
  An adder skeleton (D:4)
  An adder zombie (D:5)
  3 worms (D:3)
  A dart slug (D:4)
  5 leopard geckos
  37 orcs
  4 giant cockroaches
  9 hobgoblins
  23 jackals
  15 kobolds
  6 quokkas
  A ball python (D:2)
  5 bats
  3 frilled lizards
  9 goblins
  A leopard gecko zombie (D:9)
  A quokka skeleton (D:8)
  2 rats
232 creatures vanquished.

Vanquished Creatures (others)
  5 plants
5 creatures vanquished.

Grand Total: 237 creatures vanquished

Notes
Turn   | Place    | Note
-------+----------+-------------------------------------------
     0 | D:1      | Mesmaeker13 the Deep Dwarf Hunter began the quest for the
                  | Orb.
     0 | D:1      | Reached XP level 1. HP: 19/19 MP: 1/1
   116 | D:1      | Reached XP level 2. HP: 26/26 MP: 2/2
   434 | D:1      | Reached XP level 3. HP: 31/33 MP: 3/3
   892 | D:2      | Reached skill level 5 in Crossbows
  1069 | D:2      | Found a burning altar of Makhleb.
  1069 | D:2      | Found a hazy altar of Hepliaklqana.
  1073 | D:2      | Found a sparkling altar of Nemelex Xobeh.
  1366 | D:3      | Noticed Grinder
  1377 | D:3      | Killed Grinder
  1377 | D:3      | Reached XP level 4. HP: 25/42 MP: 4/4
  1377 | D:3      | Reached XP level 5. HP: 29/49 MP: 5/5
  1474 | D:3      | Reached XP level 6. HP: 17/56 MP: 6/6
  1576 | D:3      | Noticed Sigmund
  1943 | D:3      | Reached skill level 6 in Crossbows
  2430 | D:3      | Killed Sigmund
  2430 | D:3      | Reached skill level 5 in Dodging
  2430 | D:3      | Reached XP level 7. HP: 43/64 MP: 6/6
  3101 | D:4      | Reached skill level 7 in Crossbows
  3551 | D:5      | Entered Level 5 of the Dungeon
  3740 | D:5      | Found an opulent altar of Gozag.
  3824 | D:5      | Reached skill level 5 in Fighting
  3928 | D:5      | Reached XP level 8. HP: 47/74 MP: 7/7
  4039 | D:5      | Found a transporter.
  4183 | D:5      | Found a transporter.
  4482 | D:6      | Found a glowing golden altar of the Shining One.
  4486 | D:6      | Found a snail-covered altar of Cheibriados.
  4486 | D:6      | Found a radiant altar of Vehumet.
  4534 | D:6      | Reached skill level 1 in Armour
  4824 | D:7      | Found an ornate altar of the Wu Jian Council.
  5020 | D:7      | Reached skill level 8 in Crossbows
  5032 | D:7      | Found a blossoming altar of Fedhas.
  5108 | D:7      | Found a staircase to the Ecumenical Temple.
  5127 | Temple   | Entered the Ecumenical Temple
  5184 | Temple   | Became a worshipper of Elyvilon the Healer
  5376 | D:7      | Noticed Prince Ribbit
  5387 | D:7      | Killed Prince Ribbit
  5668 | D:7      | Gained mutation: You passively map the area around you.
                  | [Deep Dwarf growth]
  5668 | D:7      | Reached XP level 9. HP: 45/84 MP: 7/7
  5826 | D:8      | Reached skill level 1 in Axes
  5863 | D:8      | Found a basalt altar of Yredelemnul.
  5868 | D:8      | Noticed a two-headed ogre
  5879 | D:8      | Killed a two-headed ogre
  5879 | D:8      | Reached skill level 9 in Crossbows
  5879 | D:8      | Reached skill level 5 in Armour
  5905 | D:8      | Reached * piety under Elyvilon
  6133 | D:8      | Found a staircase to the Lair.
  6140 | D:8      | Noticed a komodo dragon
  6152 | D:8      | Killed a komodo dragon
  6152 | D:8      | Reached XP level 10. HP: 72/94 MP: 7/7
  6868 | D:9      | Reached skill level 10 in Crossbows
  6883 | D:9      | Reached ** piety under Elyvilon
  6944 | D:9      | Reached skill level 5 in Axes
  7128 | D:9      | Found an iron altar of Okawaru.
  7276 | D:9      | Reached skill level 1 in Invocations
  8110 | D:10     | Entered Level 10 of the Dungeon
  8203 | D:10     | Noticed Nergalle
  8211 | D:10     | Noticed a spectral orc warlord
  8213 | D:10     | Killed from afar by Nergalle

Illustrated notes

Levels and vault maps discovered:
D:1:      scummos_arrival_star, layout_loops_ring, chequers_mini_garden,
          serial_bayou_pond_d, minmay_distorted
D:2:      layout_basic, gammafunk_temple_overflow_forgotten
D:3:      layout_loops_ring, uniq_sigmund, uniq_grinder
D:4:      layout_loops_ring
D:5:      gammafunk_cloud_chamber, layout_loops_ring, grunt_gozag_statues,
          hangedman_decor_clover_reticule
D:6:      layout_loops_ring, nicolae_overflow_quartered_altars
D:7:      layout_basic, marbit_many_paths, minmay_temple_entry_offerings,
          fedhas_altar_1, uniq_prince_ribbit1
D:8:      layout_basic, erik_lair_dragon, basic_altar
D:9:      layout_basic, okawaru_altar_gauntlet_db, glass_columns_c
D:10:     layout_basic, basic_altar, uniq_maggie, uniq_nergalle
Temple:   nicolae_temple_hex_pool

Skill      XL: |  1  2  3  4  5  6  7  8  9 10 |
---------------+-------------------------------+-----
Fighting       | 2 3 4 5 6 7 8 |  8.1
Dodging        | 4 5 6 |  6.3
Crossbows      | 5 6 7 8 9 10 | 10.0
Armour         | 4 6 7 |  7.2
Axes           | 4 5 |  5.8
Invocations    | 3 |  3.2
Stealth        | |  1.2

Action                   |  1- 3 |  4- 6 |  7- 9 | 10-12 || total
-------------------------+-------+-------+-------+-------++-------
Melee: Short sword       |    20 |       |       |       ||    20
       Hand axe          |    58 |    19 |       |       ||    77
       Flail             |       |    44 |   152 |       ||   196
       Spear             |       |       |    13 |       ||    13
       War axe           |       |       |    40 |   117 ||   157
 Fire: Hand crossbow     |    46 |    48 |   179 |    72 ||   345
Throw: Dart              |       |     4 |     2 |     2 ||     8
Invok: Lesser Healing    |       |       |       |     6 ||     6
 Abil: Heal Wounds       |       |     2 |    11 |     3 ||    16
Evoke: Wand              |       |       |    16 |    12 ||    28
  Use: Scroll            |     3 |     1 |    10 |     9 ||    23
       Potion            |       |       |     1 |       ||     1
 Stab: Paralysed         |       |       |    27 |     3 ||    30
Armor: Leather armour    |     7 |       |       |       ||     7
       Ring mail         |    16 |    26 |    20 |       ||    62
       Chain mail        |       |       |   126 |    66 ||   192
Dodge: Dodged            |    79 |    65 |   134 |    71 ||   349

Table legend: (Time is in decaauts)
 A = Elapsed time spent in this place.
 B = Non-inter-level travel time spent in this place.
 C = Inter-level travel time spent in this place.
 D = Time resting spent in this place.
 E = Time spent auto-exploring this place.
 F = Levels seen in this place.
 G = Mean time per level.
                   A        B        C        D        E       F      G
               +--------+--------+--------+--------+--------+-----+--------+
         Total |   8374 |   7841 |    533 |    326 |   5077 |  11 |  761.3 |
       Dungeon |   8285 |   7771 |    514 |    326 |   5018 |  10 |  828.5 |
        Temple |     89 |     70 |     19 |      0 |     59 |   1 |   89.0 |
               +--------+--------+--------+--------+--------+-----+--------+

Top non-repeatable levels by time:
     D:9: 1359 daAuts
     D:3: 1119 daAuts
     D:4: 1056 daAuts
     D:7: 1042 daAuts
     D:8: 946 daAuts
     D:5: 897 daAuts
     D:1: 747 daAuts
     D:2: 711 daAuts
     D:6: 297 daAuts
    D:10: 105 daAuts
  Temple: 89 daAuts
